 Dungeon Crawl Stone Soup version 0.18-a0-971-g0af6217 (webtiles) character file.

2915530 smeego the Brilliant (level 27, 157/298 HPs)
             Began as a Deep Dwarf Artificer on Jan 1, 2016.
             Was a High Priest of Pakellas.
             Escaped with the Orb
             ... and 5 runes on Jan 2, 2016!
             The game lasted 08:56:49 (89109 turns).

smeego the Brilliant (Deep Dwarf Artificer)        Turns: 89109, Time: 08:56:49

Health: 157/298    AC: 55    Str: 27    XL:     27
Magic:  17/22      EV: 10    Int: 19    God:    Pakellas [*****.]
Gold:   10192      SH: 27    Dex: 13    Spells: 0 memorised, 26 levels left

rFire  + + +     SeeInvis .     d - +9 broad axe (protect)
rCold  + . .     Gourm    .     u - +12 crystal plate armour
rNeg   + + +     Faith    .     F - +2 shield of Resistance {rF+ rC+ MR+}
rPois  +         Spirit   .     n - +1 hat "Suom" {rF++ MR+++ Str-5 Int+3}
rElec  +         Dismiss  .     A - +2 cloak {rPois}
rCorr  .         Reflect  +     y - +3 pair of gauntlets of War {Slay+5}
SustAt .         Harm     .     r - +2 pair of boots {run}
MR     +++++                    C - +6 amulet of reflection
Stlth  ..........               h - ring "Totaot Juke" {rN+ Int+2}
                                p - ring "Urphausi" {*Contam rElec rN+ Str+5 Stlth+}

@: mildly poisoned (157 -> 144), very slightly contaminated, non-regenerating,
hasted, very quick, almost entirely resistant to hostile enchantments, extremely
unstealthy
A: damage resistance, recharge devices, deformed body, low mp 1, negative energy
resistance 1, sense surroundings 3, slow regeneration 3
a: Device Recharging, Quick Charge, Device Surge, Renounce Religion
0: Orb of Zot
}: 5/15 runes: decaying, serpentine, silver, golden, iron


You escaped.
You worshipped Pakellas.
Pakellas was extremely pleased with you.
You were not hungry.

You visited 15 branches of the dungeon, and saw 68 of its levels.
You visited Pandemonium 1 time, and saw 2 of its levels.
You visited the Abyss 1 time.
You visited 1 ziggurat, and saw 9 of its levels.
You also visited: Labyrinth, Trove, Ossuary, Ice Cave and Volcano.

You collected 13354 gold pieces.
You spent 3162 gold pieces at shops.

Inventory:

Hand Weapons
 d - a +9 broad axe of protection (weapon)
 K - a +7 eveningstar of protection
Armour
 n - the +1 hat "Suom" (worn) {rF++ MR+++ Str-5 Int+3}
   (You acquired it on level 3 of the Depths)

   It affects your strength (-5).
   It affects your intelligence (+3).
   It greatly protects you from fire.
   It affects your resistance to hostile enchantments.
 r - a +2 pair of boots of running (worn)
 u - a +12 crystal plate armour (worn)
 y - the +3 pair of gauntlets of War (worn) {Slay+5}
   (You acquired it on level 2 of the Lair of Beasts)

   It affects your accuracy and damage with ranged weapons and melee attacks
   (+5).
 A - a +2 cloak of poison resistance (worn)
 F - the +2 shield of Resistance (worn) {rF+ rC+ MR+}
   (You found it on level 3 of the Tomb of the Ancients)

   It protects you from fire.
   It protects you from cold.
   It affects your resistance to hostile enchantments.
 S - a +2 cloak of fire resistance
 X - the +2 shield of Exclusion {rF++ MR++ Int+3}
   (You found it on level 6 of a ziggurat)

   It affects your intelligence (+3).
   It greatly protects you from fire.
   It affects your resistance to hostile enchantments.
Rods
 b - a +9 iron rod (17/17)
   (Pakellas gifted it to you on level 4 of the Lair of Beasts)
 m - a +5 lightning rod (14/14)
   (Pakellas gifted it to you on level 4 of the Snake Pit)
 x - a +8 rod of inaccuracy (11/11)
   (Pakellas gifted it to you on level 8 of the Lair of Beasts)
 V - a +10 iron rod (18/18)
   (You found it in a labyrinth)
 Y - a +5 rod of shadows (11/11)
   (You found it on level 4 of a ziggurat)
Jewellery
 h - the ring "Totaot Juke" (right hand) {rN+ Int+2}
   (You found it on level 3 of the Crypt)

   [ring of positive energy]

   It affects your intelligence (+2).
   It protects you from negative energy.
 o - the ring "Tiorir" {+Inv +Fly rC+ Str+5}
   (You found it on level 1 of the Snake Pit)

   [ring of flight]

   It affects your strength (+5).
   It protects you from cold.
   It lets you turn invisible.
   It lets you fly.
 p - the ring "Urphausi" (left hand) {*Contam rElec rN+ Str+5 Stlth+}
   (You found it on level 3 of the Crypt)

   [ring of positive energy]

   It affects your strength (+5).
   It insulates you from electricity.
   It protects you from negative energy.
   It causes magical contamination when unequipped.
   It makes you more stealthy.
 C - a +6 amulet of reflection (around neck)
Wands
 a - a wand of invisibility (0/9)
 c - a wand of heal wounds (0/9)
 e - a wand of hasting (0/9)
 g - a wand of disintegration (9/24)
 B - a wand of cold (6/15)
 H - a wand of fire (7/15)
 I - a wand of disintegration (24/24)
 J - a wand of paralysis (7/24)
 N - a wand of fireball (14/15)
 P - a wand of lightning (9/15)
 Q - a wand of flame (18/48)
 R - a wand of enslavement (12/24)
 T - a wand of teleportation (3/9)
 Z - a wand of fire (7/15)
Scrolls
 k - 37 scrolls of remove curse
 l - 12 scrolls of identify
 q - 3 scrolls of fog
 D - a scroll of blinking
 L - 4 scrolls of holy word
 O - 3 scrolls of teleportation
Potions
 t - a potion of cancellation
 W - 3 potions of resistance
Miscellaneous
 f - a box of beasts {used: 8}
 i - a fan of gales
 w - a sack of spiders {used: 5}
 z - a disc of storms
 M - a stone of tremors (inert)
 U - a sack of spiders {used: 5}
Comestibles
 E - 2 royal jellies
 G - 5 meat rations


   Skills:
 O Level 27 Fighting
   Level 0.8(3.0) Short Blades
   Level 5.1 Long Blades
 + Level 24.3(25.2) Axes
 - Level 12.2(18.9) Maces & Flails
 O Level 27 Armour
 - Level 4.1 Dodging
 - Level 13.1 Stealth
 O Level 27 Shields
 - Level 13.0 Unarmed Combat
 O Level 27 Evocations


You had 26 spell levels left.
You didn't know any spells.

Dungeon Overview and Level Annotations

Branches:
Dungeon (15/15)            Temple (1/1) D:7            Lair (8/8) D:9
  Swamp (4/4) Lair:5        Snake (4/4) Lair:3        Slime (0/6) Lair:6
    Orc (2/2) D:10            Elf (3/3) Orc:2        Vaults (5/5) D:13
  Crypt (3/3) Vaults:2       Tomb (3/3) Crypt:3      Depths (5/5) D:15
   Hell (1/1)                 Dis (7/7) Hell            Geh (0/7) Hell
    Coc (0/7) Hell            Tar (2/7) Hell            Zot (5/5) Depths:5

Altars:
Ashenzari
Cheibriados
Dithmenos
Elyvilon
Fedhas
Gozag
Kikubaaqudgha
Makhleb
Nemelex Xobeh
Okawaru
Pakellas
Qazlal
Ru
Sif Muna
Trog
Vehumet
Xom
Yredelemnul
Zin
The Shining One
Beogh
Jiyva

Shops:
D:4 (   D:8 =   D:13 !   Orc:2 (}!   Elf:1 =   Elf:2 (   Vaults:1 !:
Vaults:2 [   Vaults:3 *   Vaults:5 [!!   Depths:2 *[[

Portals:
Hell: Depths:1 Depths:2 Depths:3 Depths:4 Depths:5
Abyss: Depths:4 Depths:5
Pandemonium: Orc:2 Depths:2 Depths:3

Annotations:
D:5 Eustachio


Innate Abilities, Weirdness & Mutations

You are resistant to damage.
You can recharge devices by infusing magical energy.
You resist negative energy.
You passively map a large area around you.
You do not regenerate naturally.
Armour fits poorly on your strangely shaped body.
Your magical capacity is low (-10% MP).


Message History

You block the tentacled monstrosity's attack.
The tentacled monstrosity completely misses you.
The tentacled monstrosity tentacle-slaps you but does no damage.
You block the tentacled monstrosity's attack.
You block Omiffaask's attack.
You block the tentacled monstrosity's attack.
The tentacled monstrosity tentacle-slaps you but does no damage.
The tentacled monstrosity barely misses you.
You block the tentacled monstrosity's attack.
Unknown command.
Omiffaask gestures at you. The bolt of poison hits you!
You are poisoned.
You resist.
Unknown command.
You feel sick.
The large abomination is engulfed in seething chaos.
There is a staircase leading out of the dungeon here.
You feel sick. The large abomination hits you!
You have escaped!

##.### ###.............#######.
#..# ##....[............## ##
#..# ##.......###.........## #
#..###.......#.#.##........##
###..##..§..###.X..##.........#
#....##........&.....###(.....##
#.#..#...§#.#..2.##...##.......#
#.#..#.........X#.##..###......##
#.#..#....#....X@..##...#.......#
#.#..#....###..##.###....#......#
#.#.###....##.....##....##......#
#...# ##....##..##.....#.........
###.# #......####....#.#........
###.# ##............##*#........
#...# ####......#### ##........
#.#.# ######## #.....>... #.#.#
####.........


You could see Omiffaask, a green death and 2 large abominations.

Vanquished Creatures
  7 ancient liches
  Dispater (Dis:7)
  Khufu (Tomb:3)
  3 pandemonium lords
  3 orbs of fire
  Mennas (Vaults:4)
  33 greater mummies
  Sojobo (Depths:4)
  Boris (Vaults:4)
  6 iron giants
  Frederick (Vaults:3)
  Margery (Vaults:4)
  Vashnia (Snake:3)
  2 curse toes
  2 Killer Klowns (Zot:5)
  Geryon (Hell)
  A profane servitor (Zig:7)
  10 golden dragons
  5 bone dragons
  5 electric golems
  3 doom hounds
  6 Brimstone Fiends
  Jorgrun (Snake:2)
  5 Hell Sentinels
  8 liches
  4 Ice Fiends
  8 tentacled monstrosities
  25 Orb Guardians
  7 quicksilver dragons
  5 Shadow Fiends
  3 deep elf blademasters
  5 titans
  A deep elf master archer (Elf:3)
  6 ancient champions
  9 death cobs
  2 Executioners
  2 eldritch tentacles
  8 sphinxes
  Gastronok (Lair:2)
  2 thorn hunters
  5 tengu reavers
  6 shadow dragons
  11 storm dragons
  A warmonger (Pan)
  Roxanne (Snake:3)
  10 fire giants
  An azure jelly (D:14)
  2 revenants
  9 draconian monks
  9 greater nagas
  10 deep elf sorcerers
  A draconian knight (Depths:5)
  11 iron dragons
  3 ghost moths
  2 balrugs
  11 vault wardens
  4 draconian zealots
  9 cacodemons
  15 frost giants
  2 curse skulls
  An orc warlord (Vaults:4)
  3 draconian scorchers
  Aizul (Snake:3)
  7 deep elf elementalists
  A draconian shifter (Zot:5)
  47 reapers
  8 ghouls
  4 spriggan defenders
  26 war gargoyles
  3 draconian annihilators
  14 ironheart preservers
  A juggernaut skeleton (Zig:4)
  19 very ugly things
  8 green draconians
  18 stone giants
  11 vampire knights
  A salamander stormcaller (Depths:1)
  2 corrupters
  10 bennus
  A draconian caller (Zot:5)
  6 black draconians
  10 deep elf demonologists
  A dire elephant (D:15)
  7 mottled draconians
  12 white draconians
  A black sun (Pan)
  14 deep elf annihilators
  8 yellow draconians
  Azrael (Snake:3)
  6 purple draconians
  5 quicksilver dragon zombies
  A merfolk javelineer (Zig:6)
  13 jiangshi
  9 ettins
  6 spark wasps
  2 blizzard demons
  Snorg (Lair:6)
  6 deep elf death magi
  Erolcha (D:13)
  34 vault guards
  10 fire dragons
  5 green deaths
  8 ogre magi
  5 rakshasas
  A minotaur (Lab)
  A kraken zombie (Hell)
  26 mummy priests
  4 deep elf high priests
  A quicksilver dragon skeleton (Crypt:3)
  17 yaktaur captains
  7 entropy weavers
  29 hydras
  Fannar (D:10)
  Harold (Orc:1)
  16 ice dragons
  17 naga warriors
  4 ghost crabs
  5 monstrous demonspawn
  15 anacondas
  8 spriggan air magi
  3 catoblepae
  8 centaur warriors
  9 great orbs of eyes
  11 death yaks
  2 merfolk aquamancers (Zig:6)
  5 death knights
  5 deep troll shamans
  A satyr (shapeshifter) (Elf:1)
  6 alligators
  18 naga sharpshooters
  A hell hog (shapeshifter) (Depths:3)
  10 vampire magi
  5 orc high priests
  7 spriggan berserkers
  A tengu warrior (D:14)
  26 dancing weapons
  Urug (Orc:1)
  35 deep elf knights
  41 hell knights
  10 shock serpents
  2 hell hogs (Dis:1)
  4 sun demons
  3 storm dragon zombies
  10 deep troll earth magi
  A titan zombie (Dis:5)
  2 fire crabs
  12 iron trolls
  5 iron golems
  2 titan skeletons
  An unseen horror (shapeshifter) (Vaults:1)
  15 orc knights
  4 salamander mystics
  92 skeletal warriors
  A gelid demonspawn (Orc:2)
  3 flayed ghosts
  4 golden dragon zombies
  5 anaconda zombies
  4 giant orange brains
  4 shadow demons
  82 death scarabs
  2 ghost moth zombies
  An infernal demonspawn (Orc:2)
  12 soul eaters
  7 naga ritualists
  3 storm dragon skeletons
  3 small abominations
  A swamp dragon (shapeshifter) (Vaults:2)
  An orange crystal statue (Depths:3)
  A kraken simulacrum (Hell)
  9 hill giants
  3 shambling mangroves
  16 deep elf archers
  21 deep trolls
  3 unseen horrors
  7 swamp dragons (Swamp:4)
  2 putrid demonspawn (Pan)
  2 golden dragon skeletons
  2 harpies (Vaults:4)
  15 necromancers
  4 wolf spider zombies
  12 ironbrand convokers
  2 hornets
  24 anubis guards
  4 iron dragon zombies
  3 shadow dragon zombies
  13 mana vipers
  2 anaconda skeletons
  64 deep elf magi
  15 phantasmal warriors
  57 ugly things
  3 shadow dragon skeletons
  3 wizards
  A sphinx zombie (Crypt:1)
  5 cyclopes
  A sphinx skeleton (Depths:1)
  6 stone giant zombies
  8 fire giant zombies
  3 wolf spiders
  29 blink frogs
  The ghost of Thraspic the Slinger, a novice HaHu of Okawaru (D:8)
  13 salamanders
  10 orc sorcerers
  An iron dragon skeleton (Zig:4)
  An oklob plant (Lair:6)
  6 sixfirhies
  4 griffons
  2 manticores
  9 guardian serpents
  A frost giant skeleton (Tar:1)
  18 moths of wrath
  4 large abominations (Pan)
  2 shock serpent zombies
  A cyclops (shapeshifter) (Vaults:4)
  20 naga magi
  20 elephants
  A guardian serpent (shapeshifter) (Vaults:5)
  47 rust devils
  A stone giant skeleton (Crypt:3)
  Maurice (D:13)
  A human skeleton (Vaults:4)
  38 black mambas
  2 ice statues
  8 vault sentinels
  A torpor snail (Lair:8)
  3 dire elephant zombies
  11 fire giant skeletons
  4 gargoyles (Crypt:3)
  4 centaur zombies
  An alligator snapping turtle zombie (Crypt:2)
  14 hellions
  14 porcupines
  25 spiny frogs
  15 smoke demons
  A storm dragon simulacrum (Crypt:1)
  8 orange demons
  A dire elephant skeleton (Tar:1)
  An elephant slug zombie (Crypt:1)
  A spiny frog (shapeshifter) (Vaults:4)
  A catoblepas zombie (Dis:5)
  7 fire drakes
  2 elf zombies
  40 yaktaurs
  18 ice devils
  2 hellwings (Depths:3)
  35 tormentors
  2 emperor scorpion zombies
  3 kobold demonologists (D:15)
  6 mottled dragons
  7 komodo dragons
  An efreet (D:14)
  17 red devils
  42 guardian mummies
  5 hydra zombies
  A mottled draconian skeleton (Crypt:2)
  A yaktaur skeleton (Depths:1)
  2 tengu conjurers
  2 catoblepas skeletons (Crypt:3)
  10 two-headed ogres
  14 freezing wraiths
  A wind drake (shapeshifter) (Depths:5)
  A wolf spider simulacrum (D:13)
  A polar bear (shapeshifter) (Vaults:1)
  21 polar bears
  4 harpy zombies
  3 silent spectres (Tar:1)
  4 jumping spiders
  9 trolls
  A wind drake (Zig:6)
  29 slime creatures
  Prince Ribbit (D:9)
  A fire dragon zombie (Hell)
  7 ushabtiu
  8 giant leeches
  16 bog bodies
  5 ettin zombies
  An ice dragon zombie (Dis:7)
  2 raiju (Zig:8)
  A tarantella zombie (Crypt:2)
  A guardian serpent zombie (Crypt:2)
  4 alligator zombies
  19 shadows
  The ghost of smeego the Changer, an amateur OpTm (D:4)
  6 boulder beetles
  A slime creature (shapeshifter) (Depths:2)
  A trapdoor spider zombie (D:10)
  16 air elementals
  A frost giant simulacrum (Vaults:4)
  2 alligator skeletons
  2 ettin skeletons
  2 trapdoor spiders
  A dire elephant simulacrum (Crypt:1)
  7 redbacks
  2 humans (shapeshifter)
  8 spriggans
  24 wraiths
  9 fire dragon skeletons
  11 water elementals
  A hippogriff (shapeshifter) (Depths:5)
  4 black mamba zombies
  A yak (shapeshifter) (Depths:3)
  8 vampires
  60 flying skulls
  2 tarantellas
  4 ynoxinuls
  11 hippogriffs
  A wyvern (D:13)
  69 yaks
  6 fire elementals
  4 fire bats (D:13)
  7 chaos spawn
  A hog (D:7)
  A basilisk (shapeshifter) (Depths:4)
  A hill giant zombie (D:10)
  5 neqoxecs
  A wyvern (shapeshifter) (Elf:2)
  35 wolves
  37 vampire mosquitoes
  6 hungry ghosts
  A steam dragon (D:8)
  A human (D:7)
  15 swamp worms
  A spatial vortex (Dis:7)
  12 wargs
  Menkaure (D:6)
  5 basilisks
  67 nagas
  18 insubstantial wisps
  2 spiny frog zombies
  A deep troll skeleton (Vaults:4)
  2 soldier ants
  An orb spider zombie (Crypt:1)
  5 sky beasts
  7 swamp drakes
  48 hell hounds
  A soldier ant (shapeshifter) (Depths:4)
  A tengu skeleton (Zig:4)
  42 orc warriors
  A spiny frog skeleton (Hell)
  26 water moccasins
  9 ice beasts
  An ogre (shapeshifter) (Depths:2)
  3 snapping turtle zombies
  A swamp dragon zombie (Tar:1)
  9 necrophages
  An eye of draining (shapeshifter) (Elf:3)
  6 phantoms
  9 boggarts
  2 swamp dragon skeletons
  14 centaurs
  12 wasps
  18 crocodiles
  34 ogres
  A manticore skeleton (Tar:2)
  An ettin simulacrum (Crypt:1)
  A snapping turtle skeleton (Tar:1)
  The ghost of smeego the Conjurer, an amateur GrWz (D:3)
  14 giant frogs
  4 big kobolds
  4 earth elementals
  A wyvern zombie (D:8)
  5 scorpions
  11 electric eels
  A troll zombie (D:10)
  11 killer bees
  47 wights
  An orc simulacrum (Vaults:1)
  2 vampire bats (D:7)
  2 spriggan skeletons (Crypt:1)
  10 crimson imps
  2 lava snakes (D:13)
  A water moccasin simulacrum (D:10)
  11 hounds
  A yaktaur simulacrum (Vaults:1)
  3 centaur skeletons
  29 orc priests
  2 giant frog skeletons
  32 iron imps
  A jelly (D:9)
  A quasit (D:7)
  5 human zombies (D:15)
  22 orc wizards
  9 hell rats (Lair:7)
  17 worker ants
  15 iguanas
  A demigod zombie (Crypt:1)
  4 big kobold zombies
  8 ogre zombies
  31 sheep
  A hound zombie (D:8)
  A hound skeleton (Crypt:1)
  58 mummies
  An ogre skeleton (D:15)
  A worker ant zombie (D:8)
  80 river rats
  5 gnolls (D:6)
  14 adders
  14 shadow imps
  3 white imps
  3 ufetubi
  2 worms
  3 giant geckos
  90 orcs
  6 spectral bats (Ossuary)
  6 ball pythons
  7 bats
  4 bat skeletons (D:7)
  2 bat zombies (D:7)
  6 giant cockroaches
  10 gnoll zombies
  5 goblins
  13 hobgoblins
  6 jackals
  17 kobolds
  4 quokkas
  A river rat zombie (Crypt:2)
  A bat simulacrum (Ossuary)
  A giant gecko skeleton (D:4)
  A giant gecko zombie (D:7)
  7 giant newts
  4 goblin simulacra (Ossuary)
  A goblin skeleton (D:10)
  7 goblin zombies
  A hobgoblin skeleton (D:10)
  3 hobgoblin zombies
  A jackal skeleton (D:8)
  3 kobold simulacra (Ossuary)
  2 kobold skeletons
  8 kobold zombies
  4 orc skeletons
  21 orc zombies
  3 rats
  3 rat simulacra (Ossuary)
  4 spectral goblins (Ossuary)
  A spectral kobold (Ossuary)
  4 spectral rats (Ossuary)
  A crawling corpse (Vaults:5)
  2 fire vortices (D:13)
  2 plants (Lair:6)
  3 tentacles (Hell)
  A tentacle segment (Hell)
  3 withered plants (Crypt:3)
3839 creatures vanquished.

Vanquished Creatures (collateral kills)
  An orb of fire (Zot:5)
  An iron giant (Zig:1)
  A golden dragon (Vaults:5)
  2 tentacled monstrosities (Vaults:5)
  3 Hell Sentinels
  An Orb Guardian (Zot:5)
  A Shadow Fiend (Pan)
  2 shadow dragons
  A tengu reaver (Vaults:5)
  A sphinx (Vaults:4)
  A storm dragon (Vaults:5)
  A deep elf sorcerer (Vaults:1)
  Maud (D:13)
  A draconian scorcher (Depths:5)
  A fire giant (Vaults:4)
  3 vault wardens
  A balrug (Pan)
  A deep elf elementalist (Elf:3)
  A stone giant (Vaults:5)
  A very ugly thing (Depths:4)
  A black draconian (Zot:1)
  A red draconian (Zot:1)
  A yellow draconian (Zot:4)
  4 vault guards
  2 fire dragons
  A quicksilver dragon zombie (Dis:7)
  2 ettins (Vaults:5)
  A yaktaur captain (Vaults:4)
  A merfolk avatar (Zig:6)
  An ogre mage (Vaults:5)
  A deep troll earth mage (Depths:3)
  An alligator (Swamp:2)
  A sun demon (Pan)
  4 hell knights
  A soul eater (Orc:2)
  2 deep trolls
  A gelid demonspawn (Pan)
  2 flayed ghosts
  A giant orange brain (Vaults:2)
  A small abomination (Vaults:5)
  A phantasmal warrior (Vaults:5)
  4 ironbrand convokers
  A deep elf mage (Vaults:1)
  A harpy (Vaults:4)
  A cyclops (Vaults:1)
  A human zombie (Vaults:5)
  A wizard (Vaults:2)
  2 ugly things
  A necromancer (Vaults:5)
  2 hornets (Swamp:4)
  A water nymph (Zig:6)
  A moth of wrath (Zot:1)
  4 vault sentinels
  A komodo dragon (D:13)
  6 yaktaurs
  2 tengu conjurers (Vaults:2)
  2 freezing wraiths (Vaults:4)
  A human skeleton (Vaults:5)
  A two-headed ogre (Vaults:5)
  A yaktaur skeleton (Vaults:4)
  2 red devils (Pan)
  A fire drake (Volcano)
  A wind drake (Zig:6)
  A merfolk (Zig:6)
  A harpy zombie (Dis:7)
  5 blink frogs (Lair:1)
  A human simulacrum (Vaults:1)
  2 water elementals
  2 vampire mosquitoes (Swamp:4)
  4 insubstantial wisps (Swamp:2)
  A hell hound (Dis:7)
  9 orc warriors
  A wasp (Depths:5)
  5 ogres
  A crocodile (Lair:1)
  A centaur (D:13)
  A giant frog (D:6)
  A giant frog skeleton (D:10)
  2 orc wizards
  A hell rat (Lair:7)
  An iguana (Lair:1)
  An iron imp (D:7)
  A worker ant (D:13)
  5 orc priests
  2 sheep
  3 gnolls
  A river rat (Lair:7)
  An ufetubus (D:10)
  An adder zombie (D:6)
  12 orcs
  A giant cockroach (D:2)
  A hobgoblin (D:2)
  A goblin (D:2)
  A goblin skeleton (D:10)
  4 hobgoblin zombies
  3 orc skeletons
  3 orc zombies
176 creatures vanquished.

Vanquished Creatures (others)
  Saint Roka (Depths:2)
  A sphinx (Vaults:5)
  Frances (D:12)
  2 eldritch tentacles
  An ancient champion (Tomb:2)
  A tengu reaver (Vaults:5)
  3 vault wardens
  An orc warlord (Orc:1)
  A frost giant (Dis:1)
  An ironheart preserver (Vaults:4)
  2 stone giants
  2 black draconians (Zot:4)
  A mottled draconian (Zot:4)
  A white draconian (Zot:1)
  A merfolk javelineer (Depths:5)
  A vault guard (Vaults:2)
  5 yaktaur captains
  3 ettins
  A fire dragon (Depths:5)
  A deep elf high priest (Elf:3)
  Sonja (Lair:1)
  A dancing weapon (Elf:2)
  A deep troll shaman (Depths:4)
  2 deep troll earth magi
  5 naga sharpshooters
  2 fire crabs
  A titan skeleton (Tomb:2)
  10 death scarabs
  An iron troll (Dis:7)
  2 skeletal warriors
  A deep troll (Depths:4)
  A hell knight (Depths:3)
  8 deep elf archers
  3 ironbrand convokers (Vaults:4)
  A lindwurm (Volcano)
  An iron dragon zombie (Dis:4)
  2 deep elf magi
  A wolf spider zombie (Tomb:3)
  A cyclops (Zig:5)
  An ugly thing (Vaults:1)
  A rust devil (Dis:3)
  A naga mage (Snake:4)
  A black mamba (Snake:4)
  7 yaktaurs
  2 guardian mummies (Tomb:3)
  A polar bear (IceCv)
  A giant leech (Swamp:3)
  A slime creature (Swamp:1)
  An ettin zombie (Tar:2)
  A shadow (Tar:2)
  An ettin skeleton (Tomb:3)
  A wraith (Tar:2)
  A flying skull (Tomb:2)
  A basilisk (Lair:1)
  A yak (D:9)
  2 swamp worms (Swamp:4)
  A warg (Depths:2)
  A naga (Snake:4)
  A water moccasin (Lair:8)
  A swamp drake (Swamp:1)
  2 black bears
  7 orc warriors
  A boggart (Vaults:2)
  A crocodile (Lair:1)
  6 centaurs
  A gnoll shaman (D:6)
  4 iron imps
  An orc wizard (D:9)
  5 mummies
  2 gnolls (D:6)
  2 orcs
  A jackal (shapeshifter) (Depths:5)
  2 kobolds (D:15)
  172 eldritch tentacle segments
  A fire vortex (D:13)
  17 fungi
  8 lost souls
  10 plants
  4 starspawn tentacles (Zig:9)
  117 starspawn tentacle segments (Zig:9)
  11 tentacles (Hell)
  270 tentacle segments (Hell)
750 creatures vanquished.

Grand Total: 4765 creatures vanquished

Notes
Turn   | Place    | Note
--------------------------------------------------------------
     0 | D:1      | smeego the Deep Dwarf Artificer began the quest for the Orb.
     0 | D:1      | Reached XP level 1. HP: 16/16 MP: 3/3
   120 | D:1      | Reached skill level 1 in Fighting
   284 | D:1      | Reached XP level 2. HP: 16/25 MP: 5/5
   795 | D:2      | Found a bloodstained altar of Trog.
   818 | D:2      | Reached XP level 3. HP: 17/31 MP: 6/6
  1035 | D:2      | Reached skill level 1 in Armour
  1082 | D:2      | Found a burning altar of Makhleb.
  1086 | D:2      | Found a shimmering altar of Xom.
  1089 | D:2      | Found a stormy altar of Qazlal.
  1091 | D:2      | Found an iron altar of Okawaru.
  1093 | D:2      | Found a glowing silver altar of Zin.
  1467 | D:3      | Noticed smeego's ghost (amateur GrWz)
  1522 | D:3      | Killed smeego's ghost
  1522 | D:3      | Reached skill level 1 in Maces & Flails
  1522 | D:3      | Reached XP level 4. HP: 35/39 MP: 7/7
  1624 | D:3      | Found a deep blue altar of Sif Muna.
  1649 | D:3      | Reached XP level 5. HP: 24/45 MP: 8/8
  1660 | D:3      | Found a snail-covered altar of Cheibriados.
  2393 | D:4      | Noticed smeego's ghost (amateur OpTm)
  2418 | D:4      | Killed smeego's ghost
  2418 | D:4      | Reached XP level 6. HP: 46/56 MP: 9/9
  2745 | D:4      | Found Rosamn's Weapon Shoppe.
  3160 | D:5      | Entered Level 5 of the Dungeon
  3248 | D:5      | Got a shimmering ring mail
  3259 | D:5      | Identified the cursed +0 ring mail of Eternal Vigilance {MR+ Int+3 Slay-4} (You found it on level 5 of the Dungeon)
  3348 | D:5      | Reached XP level 7. HP: 24/62 MP: 10/10
  3422 | D:5      | Noticed Eustachio
  3544 | D:6      | Found a radiant altar of Vehumet.
  3601 | D:6      | Noticed Menkaure
  3632 | D:6      | Killed Menkaure
  3704 | D:6      | Reached skill level 5 in Stealth
  3980 | D:6      | Reached XP level 8. HP: 43/73 MP: 10/10
  4159 | D:6      | Found an iron altar of Okawaru.
  4687 | D:7      | Found a glowing golden altar of the Shining One.
  4791 | D:7      | Found a sand-covered staircase.
  4803 | Ossuary  | Entered an ossuary
  4833 | Ossuary  | Reached skill level 5 in Fighting
  4965 | Ossuary  | Reached skill level 1 in Shields
  5566 | D:8      | Noticed Thraspic's ghost (novice HaHu)
  5667 | D:8      | Killed Thraspic's ghost
  5667 | D:8      | Reached skill level 6 in Shields
  5672 | D:8      | Gained mutation: You passively map the area around you. [Deep Dwarf growth]
  5672 | D:8      | Reached XP level 9. HP: 39/81 MP: 9/9
  5678 | D:8      | Reached skill level 7 in Shields
  5757 | D:8      | Found Zubeburch's Jewellery Emporium.
  5993 | D:8      | Found a sparkling altar of Nemelex Xobeh.
  6076 | D:8      | Reached skill level 5 in Evocations
  6187 | D:8      | You fall through a shaft for 3 floors!
  6317 | D:10     | Entered Level 10 of the Dungeon
  6457 | D:10     | Gained mutation: You occasionally shout uncontrollably at your foes. [potion of mutation]
  6457 | D:10     | Gained mutation: You are covered in fur (AC +1). [potion of mutation]
  6457 | D:10     | Lost mutation: You occasionally shout uncontrollably at your foes. [potion of mutation]
  7002 | D:9      | Found a staircase to the Lair.
  7002 | D:9      | Noticed an elephant
  7058 | D:9      | Gained mutation: Your muscles are strong. (Str +2) [potion of mutation]
  7058 | D:9      | Lost mutation: Your muscles are strong. (Str +2) [potion of mutation]
  7058 | D:9      | Gained mutation: You can translocate small distances at will. [potion of mutation]
  7119 | D:9      | Reached skill level 8 in Evocations
  7822 | D:7      | Found a sacrificial altar of Ru.
  8039 | D:7      | Found a staircase to the Ecumenical Temple.
  8052 | Temple   | Entered the Ecumenical Temple
  8084 | Temple   | Became a worshipper of Pakellas the Inventive
  8292 | D:7      | Found an ancient bone altar of Kikubaaqudgha.
  8436 | D:7      | Reached skill level 9 in Evocations
  8451 | D:7      | Reached XP level 10. HP: 43/88 MP: 10/10
  8759 | D:9      | Reached * piety under Pakellas
  8871 | D:9      | Reached skill level 10 in Stealth
  8928 | D:9      | Noticed Prince Ribbit
  8932 | D:9      | Killed Prince Ribbit
  8932 | D:9      | Reached skill level 10 in Evocations
  9376 | Lair:1   | Entered Level 1 of the Lair of Beasts
  9431 | Lair:1   | Reached skill level 11 in Stealth
  9602 | Lair:1   | Killed a blink frog
  9766 | Lair:1   | Found a dark tunnel.
  9797 | Volcano  | Entered a volcano
  9845 | Volcano  | Noticed a lindwurm
  9849 | Volcano  | Reached skill level 12 in Evocations
  9874 | Volcano  | Got a bloodstained chain mail
  9928 | Volcano  | Reached XP level 11. HP: 42/94 MP: 7/14
 10149 | Lair:1   | Noticed Sonja
 10172 | Lair:1   | Your ally died
 10323 | Lair:1   | Identified the +5 chain mail of the Land of Plenty {rF- rN+ Int+5 Slay+5} (You found it in a volcano)
 10466 | Lair:1   | Reached skill level 13 in Evocations
 10703 | Lair:1   | Gained mutation: You expend magic power (3 MP) to strengthen your wands. [potion of mutation]
 10955 | Lair:2   | Found a labyrinth entrance.
 10964 | Lab      | Entered a labyrinth
 11803 | Lab      | Noticed a minotaur
 11825 | Lab      | Killed a minotaur
 11828 | Lab      | Identified the Collected Works on Helpful Venom
 11851 | Lab      | Identified a +0 pair of boots of running (You found it in a labyrinth)
 11855 | Lab      | Got a warped long sword
 11856 | Lab      | Identified the +3 long sword "Bongaf" {flame, *Corrode rF+ rN+} (You found it in a labyrinth)
 12160 | Lair:2   | Noticed a five-headed hydra
 12409 | Lair:2   | Reached skill level 14 in Evocations
 12715 | Lair:3   | Found a sacrificial altar of Ru.
 12726 | Lair:3   | Identified a scroll of acquirement
 12793 | Lair:3   | Noticed a death yak
 12795 | Lair:3   | Noticed a death yak
 12796 | Lair:3   | Noticed a death yak
 13065 | D:10     | Found a staircase to the Orcish Mines.
 13109 | D:10     | Reached ** piety under Pakellas
 13109 | D:10     | Received a gift from Pakellas
 13213 | D:10     | Lost mutation: You expend magic power (3 MP) to strengthen your wands. [potion of cure mutation]
 13213 | D:10     | Lost mutation: You can translocate small distances at will. [potion of cure mutation]
 13270 | D:10     | Found a portal to a secret trove of treasure.
 13547 | D:10     | Reached skill level 5 in Armour
 13547 | D:10     | Reached skill level 15 in Evocations
 13719 | D:10     | Noticed a hill giant
 13828 | Orc:1    | Entered Level 1 of the Orcish Mines
 13863 | Orc:1    | Noticed Fannar
 14099 | Lair:2   | Noticed Gastronok
 14105 | Lair:2   | Killed Gastronok
 14105 | Lair:2   | Reached skill level 5 in Maces & Flails
 14105 | Lair:2   | Reached XP level 12. HP: 79/103 MP: 7/17
 14136 | Lair:2   | Killed a five-headed hydra
 14421 | Lair:4   | Noticed a five-headed hydra
 14425 | Lair:4   | Killed a five-headed hydra
 14459 | Lair:4   | Got a vibrating steel ring
 14460 | Lair:4   | Identified the ring "Matwohub" {Str+3 Int+5} (You found it on level 4 of the Lair of Beasts)
 14962 | Lair:3   | Reached *** piety under Pakellas
 15071 | Lair:3   | Found a staircase to the Snake Pit.
 15344 | Lair:3   | Noticed a catoblepas
 15352 | Lair:3   | Killed a catoblepas
 15352 | Lair:3   | Reached XP level 13. HP: 67/114 MP: 18/18
 15751 | Lair:4   | Reached **** piety under Pakellas
 15751 | Lair:4   | Received a gift from Pakellas
 15755 | Lair:4   | Reached skill level 10 in Maces & Flails
 16293 | Lair:5   | Got a smoking leather armour
 16756 | Lair:5   | Reached ***** piety under Pakellas
 16863 | Lair:5   | Found a staircase to the Swamp.
 17528 | Lair:6   | Noticed Snorg
 17748 | Lair:6   | Killed Snorg
 18072 | Lair:6   | Found a viscous altar of Jiyva.
 18072 | Lair:6   | Found a staircase to the Slime Pits.
 18646 | Lair:7   | Gained mutation: You resist negative energy. [Deep Dwarf growth]
 18646 | Lair:7   | Reached XP level 14. HP: 77/124 MP: 9/19
 18656 | Lair:7   | Reached ****** piety under Pakellas
 18707 | Lair:7   | Identified a +10 iron rod (18/18) (supercharged by Pakellas)
 19535 | Lair:8   | Entered Level 8 of the Lair of Beasts
 19721 | Lair:8   | Reached skill level 10 in Shields
 19900 | Lair:8   | Received a gift from Pakellas
 20294 | Lair:8   | Identified a +7 rod of inaccuracy (10/10) (Pakellas gifted it to you on level 8 of the Lair of Beasts)
 20949 | D:10     | Killed Fannar
 20961 | Orc:1    | Noticed Urug
 20982 | Orc:1    | Killed Urug
 21106 | Orc:1    | Noticed an orc warlord
 21281 | Orc:1    | Noticed Harold
 21296 | Orc:1    | Killed Harold
 21381 | Orc:2    | Entered Level 2 of the Orcish Mines
 21775 | Orc:2    | Found a staircase to the Elven Halls.
 22079 | Orc:2    | Found Poidyzyd's Food Shoppe.
 22080 | Orc:2    | Found Zuqut's Distillery.
 22101 | Orc:2    | Reached XP level 15. HP: 68/135 MP: 15/20
 22125 | Orc:2    | Reached skill level 16 in Evocations
 22345 | Orc:2    | Gained mutation: You are clumsy. (Dex -2) [a neqoxec]
 22468 | Orc:2    | Found Sijiurar's Gadget Boutique.
 22468 | Orc:2    | Found Kaul's Antique Weapon Shop.
 22469 | Orc:2    | Found a one-way gate leading to the halls of Pandemonium.
 22767 | Elf:1    | Entered Level 1 of the Elven Halls
 22815 | Elf:1    | Found an ancient bone altar of Kikubaaqudgha.
 23613 | Elf:1    | Found Ukodor's Jewellery Emporium.
 23691 | Elf:1    | Bought an uncursed ring of poison resistance for 280 gold pieces
 23776 | Elf:1    | Reached skill level 15 in Shields
 23880 | Elf:2    | Reached skill level 10 in Fighting
 23880 | Elf:2    | Reached skill level 10 in Armour
 23901 | Elf:2    | Received a gift from Pakellas
 24159 | Elf:2    | Reached XP level 16. HP: 117/147 MP: 14/22
 24224 | Elf:2    | Found a huge runed gate.
 24224 | Elf:2    | Found a huge runed gate.
 24224 | Elf:2    | Found a huge runed gate.
 24224 | Elf:2    | Found a huge runed gate.
 24225 | Elf:2    | Found a huge runed gate.
 24333 | Elf:2    | Found Vuxon's Antique Weapon Shop.
 24502 | Elf:2    | Reached skill level 17 in Evocations
 24514 | Elf:2    | Noticed a Hell Sentinel
 24812 | D:10     | You paid a toll of a wand of hasting (9) to enter a treasure trove
 24813 | Trove    | Entered a treasure trove
 24854 | Trove    | Identified Sif Muna's Papyrus of Transmigration
 24870 | Trove    | Identified Xuix's Collected Works on Scorching Conjuration
 24918 | Trove    | Identified Sif Muna's Almanac of Gliding Dark Rituals (You found it in a treasure trove)
 25127 | Snake:1  | Entered Level 1 of the Snake Pit
 25531 | Snake:1  | Got a wavering silver ring
 25643 | Snake:1  | Identified the ring "Tiorir" {+Inv +Fly rC+ Str+5} (You found it on level 1 of the Snake Pit)
 26545 | Snake:2  | Noticed Jorgrun
 26557 | Snake:2  | Killed Jorgrun
 26655 | Snake:2  | Reached skill level 18 in Shields
 27013 | Snake:3  | Noticed Aizul
 27032 | Snake:3  | Killed Aizul
 27346 | Snake:3  | Noticed Vashnia
 27354 | Snake:3  | Reached XP level 17. HP: 124/157 MP: 15/23
 27409 | Snake:3  | Killed Vashnia
 27409 | Snake:3  | Reached skill level 19 in Shields
 27445 | Snake:3  | Noticed Azrael
 27476 | Snake:3  | Noticed Roxanne
 27503 | Snake:3  | Killed Azrael
 27647 | Snake:3  | Found a glowing silver altar of Zin.
 27849 | Snake:3  | Killed Roxanne
 27947 | Snake:4  | Entered Level 4 of the Snake Pit
 28311 | Snake:4  | Reached skill level 20 in Shields
 28362 | Snake:4  | Found a runed gate.
 28362 | Snake:4  | Found a runed gate.
 28362 | Snake:4  | Found a runed gate.
 28395 | Snake:4  | Received a gift from Pakellas
 28759 | Snake:4  | Reached skill level 15 in Armour
 28912 | Snake:4  | Gained mutation: You passively map a large area around you. [Deep Dwarf growth]
 28912 | Snake:4  | Reached XP level 18. HP: 143/165 MP: 12/25
 29207 | Snake:4  | Got a serpentine rune of Zot
 29563 | Swamp:1  | Entered Level 1 of the Swamp
 30782 | Swamp:2  | You fall through a shaft!
 32006 | Swamp:4  | Entered Level 4 of the Swamp
 32456 | Swamp:4  | Reached skill level 21 in Evocations
 32598 | Swamp:4  | Received a gift from Pakellas
 32740 | Swamp:4  | Reached XP level 19. HP: 163/171 MP: 12/27
 32775 | Swamp:4  | Got a decaying rune of Zot
 33666 | Elf:2    | Reached skill level 22 in Evocations
 33884 | Elf:3    | Entered Level 3 of the Elven Halls
 34901 | Elf:3    | Reached skill level 23 in Evocations
 35446 | Elf:3    | Got a spiked hat
 35447 | Elf:3    | Identified the +2 hat of Dawn {rPois Int+3} (You found it on level 3 of the Elven Halls)
 35503 | Elf:3    | Got a heavily runed buckler
 35504 | Elf:3    | Identified the cursed -1 buckler of Fodiqeg {Str+2} (You took it off a deep elf mage on level 3 of the Elven Halls)
 35969 | D:11     | Reached skill level 1 in Axes
 36239 | D:11     | Reached XP level 20. HP: 147/180 MP: 21/28
 36615 | D:12     | Noticed Frances
 36626 | D:12     | Killed Frances
 36681 | D:12     | Reached skill level 5 in Axes
 37057 | D:13     | Noticed Maud
 37071 | D:13     | Killed Maud
 37875 | D:14     | Reached skill level 10 in Axes
 37887 | D:14     | Found a frozen archway.
 37893 | IceCv    | Entered an ice cave
 38338 | IceCv    | Got a twisted great sword
 38643 | D:14     | Received a gift from Pakellas
 39061 | D:15     | Entered Level 15 of the Dungeon
 39340 | D:15     | Found a basalt altar of Yredelemnul.
 39457 | D:15     | Identified the +1 great sword "Thing" {slice, +Inv rC+} (You found it in an ice cave)
 39805 | D:15     | Found a staircase to the Depths.
 40281 | Lair:2   | Gained mutation: You have very sharp teeth. [potion of beneficial mutation]
 40443 | D:13     | Noticed Erolcha
 40455 | D:13     | Killed Erolcha
 40466 | D:13     | Found Culoovos's Distillery.
 40478 | D:13     | Noticed Maurice
 40495 | D:13     | Killed Maurice
 40497 | D:13     | Bought a potion of heal wounds for 95 gold pieces
 40650 | D:13     | Found a gate to the Vaults.
 40653 | D:13     | Reached skill level 1 in Unarmed Combat
 41165 | Vaults:1 | Entered Level 1 of the Vaults
 41174 | Vaults:1 | Reached skill level 5 in Unarmed Combat
 41277 | Vaults:1 | Gained mutation: You possess an exceptional clarity of mind. [potion of beneficial mutation]
 41395 | Vaults:1 | Found Jyre Ido's Distillery.
 41409 | Vaults:1 | Bought a potion of heal wounds for 100 gold pieces
 41750 | Vaults:1 | Reached skill level 10 in Unarmed Combat
 42017 | Vaults:1 | Found Koxuz's Book Boutique.
 42375 | Vaults:2 | Reached XP level 21. HP: 136/187 MP: 12/29
 42471 | Vaults:2 | Got a smoking robe
 42475 | Vaults:2 | Identified the +1 robe "Gawnuq" {Str+2} (You found it on level 2 of the Vaults)
 42504 | Vaults:2 | Found a radiant altar of Vehumet.
 42538 | Vaults:2 | Got a faintly glowing hat
 42540 | Vaults:2 | Got a spiked hat
 42541 | Vaults:2 | Identified the cursed +0 hat of Ikhok {SInv} (You found it on level 2 of the Vaults)
 42542 | Vaults:2 | Identified the +2 hat of Amorality {*Contam *Drain Regen+ Dex+8} (You found it on level 2 of the Vaults)
 42548 | Vaults:2 | Got a fine robe
 42550 | Vaults:2 | Got a faintly humming robe
 42551 | Vaults:2 | Identified the +1 robe of Impressiveness {rElec Str-3 Dex+5} (You found it on level 2 of the Vaults)
 42552 | Vaults:2 | Identified the cursed +1 robe of Zufrasupa {rElec rF- Regen+} (You found it on level 2 of the Vaults)
 42582 | Vaults:2 | Got a steaming hat
 42583 | Vaults:2 | Identified the +2 hat "Luyry" {rPois Str+7} (You found it on level 2 of the Vaults)
 42671 | Vaults:2 | Received a gift from Pakellas
 43263 | Vaults:2 | Found a staircase to the Crypt.
 43290 | Vaults:2 | Found Fuczui's Antique Armour Boutique.
 43579 | Vaults:3 | Noticed Frederick
 43587 | Vaults:3 | Killed Frederick
 43824 | Vaults:3 | Reached skill level 24 in Evocations
 44486 | Vaults:3 | Found Xikhlayff's Assorted Antiques.
 44494 | Vaults:3 | Bought a potion of heal wounds for 130 gold pieces
 44494 | Vaults:3 | Bought a scroll of enchant armour for 195 gold pieces
 45361 | Vaults:4 | Reached skill level 25 in Evocations
 45523 | Vaults:4 | Noticed Boris
 45532 | Vaults:4 | Killed Boris
 45799 | Vaults:4 | Found a roughly hewn altar of Beogh.
 46026 | Vaults:4 | Reached XP level 22. HP: 195/195 MP: 25/31
 46044 | Vaults:4 | Noticed Mennas
 46081 | Vaults:4 | Killed Mennas
 46119 | Vaults:4 | Reached skill level 26 in Evocations
 46127 | Vaults:4 | Noticed Margery
 46163 | Vaults:4 | Killed Margery
 46286 | Vaults:4 | Received a gift from Pakellas
 46870 | Vaults:5 | Entered Level 5 of the Vaults
 46946 | Vaults:5 | Reached skill level 27 in Evocations
 46952 | Vaults:5 | Reached skill level 1 in Long Blades
 47053 | Vaults:5 | Reached skill level 5 in Long Blades
 48009 | Vaults:5 | Reached XP level 23. HP: 138/202 MP: 9/33
 48143 | Vaults:5 | Got a silver rune of Zot
 48152 | Vaults:5 | Found Mono's Distillery.
 48183 | Vaults:5 | Bought a potion of heal wounds for 100 gold pieces
 48183 | Vaults:5 | Bought a potion of might for 80 gold pieces
 48191 | Vaults:5 | Found Zaqihut's Food Shop.
 48197 | Vaults:5 | Found Ihat's Distillery.
 48205 | Vaults:5 | Bought a potion of might for 88 gold pieces
 48205 | Vaults:5 | Bought a potion of might for 88 gold pieces
 48392 | Vaults:5 | Found Marhonisk's Armour Shoppe.
 49560 | Depths:1 | Entered Level 1 of the Depths
 49560 | Depths:1 | Found a gateway to Hell.
 49797 | Depths:1 | Found a gateway to a ziggurat.
 50267 | Depths:2 | Found Gozag's Antique Armour Emporium.
 50268 | Depths:2 | Noticed Saint Roka
 50478 | Depths:2 | Received a gift from Pakellas
 50622 | Depths:2 | Found Gozag's Assorted Antiques.
 50627 | Depths:2 | Found an opulent altar of Gozag.
 50636 | Depths:2 | Found Gozag's Antique Armour Shoppe.
 50982 | Depths:2 | Your ally died
 51689 | Depths:3 | Reached XP level 24. HP: 181/210 MP: 17/33
 52276 | Depths:3 | Got a scorched hat
 52277 | Depths:3 | Identified the +1 hat "Suom" {rF++ MR+++ Str-5 Int+3} (You acquired it on level 3 of the Depths)
 52335 | Depths:3 | Found a runed door.
 52475 | Depths:3 | Found a runed door.
 53171 | Depths:4 | Noticed Sojobo
 53208 | Depths:4 | Killed Sojobo
 53275 | Depths:4 | Found a one-way gate to the infinite horrors of the Abyss.
 53633 | Depths:4 | Received a gift from Pakellas
 54063 | Depths:5 | Entered Level 5 of the Depths
 54464 | Depths:5 | Reached XP level 25. HP: 173/217 MP: 30/33
 54937 | Depths:5 | Found a gate to the Realm of Zot.
 55927 | Crypt:1  | Entered Level 1 of the Crypt
 57452 | Crypt:3  | Entered Level 3 of the Crypt
 57791 | Crypt:3  | Reached skill level 27 in Shields
 58332 | Crypt:3  | Found a staircase to the Tomb.
 58859 | Crypt:3  | Got a clouded amethyst amulet
 58860 | Crypt:3  | Identified the amulet of Qyj Kee {rN++ Regen+ Int-2 Slay+2} (You found it on level 3 of the Crypt)
 58866 | Crypt:3  | Got a clouded bone ring
 58867 | Crypt:3  | Identified the ring "Totaot Juke" {rN+ Int+2} (You found it on level 3 of the Crypt)
 58871 | Crypt:3  | Got a translucent pewter ring
 58872 | Crypt:3  | Identified the ring "Urphausi" {*Contam rElec rN+ Str+5 Stlth+} (You found it on level 3 of the Crypt)
 58995 | Crypt:3  | Found an ancient bone altar of Kikubaaqudgha.
 58997 | Crypt:3  | Noticed an ancient lich
 59023 | Crypt:3  | Killed an ancient lich
 59076 | Crypt:3  | Noticed an ancient lich
 59094 | Crypt:3  | Killed an ancient lich
 59558 | Lair:2   | Upgraded the game from 0.18-a0-952-g309898a to 0.18-a0-971-g0af6217
 60008 | Tomb:1   | Entered Level 1 of the Tomb of the Ancients
 60348 | Tomb:1   | Reached XP level 26. HP: 187/225 MP: 14/33
 60421 | Tomb:1   | Noticed a greater mummy
 60439 | Tomb:1   | Killed a greater mummy
 60439 | Tomb:1   | Received a gift from Pakellas
 60476 | Tomb:1   | Noticed a greater mummy
 60513 | Tomb:1   | Killed a greater mummy
 60874 | Tomb:1   | Noticed a greater mummy
 60876 | Tomb:1   | Noticed a greater mummy
 61694 | Tomb:2   | Noticed an ancient lich
 61694 | Tomb:2   | Noticed a greater mummy
 61694 | Tomb:2   | Noticed a greater mummy
 61709 | Tomb:2   | Noticed an ancient lich
 61772 | Tomb:1   | Killed an ancient lich
 61866 | Tomb:1   | Killed an ancient lich
 61930 | Tomb:1   | Killed a greater mummy
 61953 | Tomb:1   | Killed a greater mummy
 62422 | Tomb:3   | Entered Level 3 of the Tomb of the Ancients
 62545 | Tomb:3   | Noticed a greater mummy
 62600 | Tomb:1   | Noticed a greater mummy
 62616 | Tomb:1   | Killed a greater mummy
 62617 | Tomb:1   | Noticed a greater mummy
 62624 | Tomb:1   | Killed a greater mummy
 62661 | Tomb:1   | Noticed a greater mummy
 62665 | Tomb:1   | Killed a greater mummy
 62668 | Tomb:1   | Noticed a greater mummy
 62697 | Tomb:1   | Killed a greater mummy
 62768 | Tomb:1   | Noticed a greater mummy
 62776 | Tomb:1   | Killed a greater mummy
 62791 | Tomb:1   | Noticed a greater mummy
 62796 | Tomb:1   | Noticed a greater mummy
 62798 | Tomb:1   | Killed a greater mummy
 62814 | Tomb:1   | Killed a greater mummy
 63271 | Vaults:1 | Bought a potion of magic for 160 gold pieces
 63282 | Vaults:1 | Bought a potion of magic for 160 gold pieces
 63734 | Tomb:1   | Noticed a greater mummy
 63743 | Tomb:1   | Killed a greater mummy
 63800 | Tomb:1   | Noticed a greater mummy
 63808 | Tomb:1   | Killed a greater mummy
 63813 | Tomb:1   | Noticed a greater mummy
 63814 | Tomb:1   | Noticed a greater mummy
 63968 | Tomb:1   | Killed a greater mummy
 63968 | Tomb:1   | Reached skill level 27 in Armour
 63968 | Tomb:1   | Reached XP level 27. HP: 202/232 MP: 16/33
 63975 | Tomb:1   | Killed a greater mummy
 64054 | Tomb:1   | Noticed a greater mummy
 64055 | Tomb:1   | Noticed a greater mummy
 64058 | Tomb:1   | Noticed a greater mummy
 64067 | Tomb:1   | Killed a greater mummy
 64319 | Tomb:3   | Killed a greater mummy
 64320 | Tomb:3   | Noticed a greater mummy
 64489 | Tomb:3   | Noticed a greater mummy
 64491 | Tomb:3   | Noticed a greater mummy
 64495 | Tomb:3   | Noticed a greater mummy
 64500 | Tomb:2   | Killed a greater mummy
 64600 | Tomb:3   | Noticed a greater mummy
 64611 | Tomb:3   | Noticed a greater mummy
 64613 | Tomb:3   | Noticed a greater mummy
 64621 | Tomb:2   | Killed a greater mummy
 64626 | Tomb:2   | Killed a greater mummy
 64661 | Tomb:2   | Gained mutation: You are weak. (Str -2) [mutagenic glow]
 65078 | Vaults:5 | Bought a potion of cancellation for 160 gold pieces
 65092 | Vaults:5 | Bought a potion of magic for 176 gold pieces
 65610 | Hell     | Entered the Vestibule of Hell
 65610 | Hell     | Noticed Geryon
 65635 | Hell     | Killed Geryon
 66214 | Hell     | Found a gateway to the Iron City of Dis.
 66366 | Hell     | Reached skill level 15 in Fighting
 66394 | Hell     | Found a gateway to the freezing wastes of Cocytus.
 66419 | Hell     | Received a gift from Pakellas
 66516 | Hell     | Found a gateway to the decaying netherworld of Tartarus.
 66584 | Hell     | Found a gateway to the ashen valley of Gehenna.
 66697 | Tar:1    | Entered Level 1 of Tartarus
 69395 | Tomb:2   | Killed a greater mummy
 69398 | Tomb:2   | Killed a greater mummy
 69434 | Tomb:2   | Killed a greater mummy
 69461 | Tomb:2   | Killed a greater mummy
 69548 | Tomb:3   | Noticed Khufu
 69630 | Tomb:3   | Killed Khufu
 69816 | Tomb:3   | Got a brightly glowing plate armour
 69817 | Tomb:3   | Identified the +1 plate armour "Loogy" {MR++} (You found it on level 3 of the Tomb of the Ancients)
 69900 | Tomb:3   | Got a shimmering war axe
 69901 | Tomb:3   | Identified the +9 war axe "Meppuhy" {elec, rF+} (You found it on level 3 of the Tomb of the Ancients)
 69926 | Tomb:3   | Got a golden rune of Zot
 70279 | Tomb:3   | Got a translucent ice dragon armour
 70280 | Tomb:3   | Identified the +3 ice dragon armour "Efoafita" {rF- rC++ Int+2} (You found it on level 3 of the Tomb of the Ancients)
 70287 | Tomb:3   | Identified the Disquisition on Flying Conjuration
 70291 | Tomb:3   | Identified Kyre's Disquisition on Torrid Battle Magic (You found it on level 3 of the Tomb of the Ancients)
 70294 | Tomb:3   | Got a shimmering bone ring
 70295 | Tomb:3   | Identified the ring "Xugraph" {rPois Str+4 Int+4 Stlth-} (You found it on level 3 of the Tomb of the Ancients)
 70313 | Tomb:3   | Got a polished morningstar
 70314 | Tomb:3   | Identified the +8 morningstar of Potea {drain, *Rage +Blink rC+ Int+2} (You found it on level 3 of the Tomb of the Ancients)
 70328 | Tomb:3   | Got a scorched scale mail
 70329 | Tomb:3   | Identified the +7 scale mail of Igujeuq {+Blink rPois Dex+4} (You found it on level 3 of the Tomb of the Ancients)
 70343 | Tomb:3   | Got a steaming bardiche
 70503 | Tomb:1   | Killed a greater mummy
 70510 | Tomb:1   | Killed a greater mummy
 70534 | Tomb:1   | Killed a greater mummy
 70555 | Tomb:1   | Noticed a greater mummy
 70565 | Tomb:1   | Killed a greater mummy
 70573 | Tomb:1   | Noticed a greater mummy
 70654 | Tomb:1   | Killed a greater mummy
 70749 | Tomb:1   | Noticed a greater mummy
 70779 | Tomb:1   | Killed a greater mummy
 70781 | Tomb:1   | Noticed a greater mummy
 70790 | Tomb:1   | Killed a greater mummy
 70915 | Tomb:1   | Noticed a greater mummy
 70929 | Tomb:1   | Killed a greater mummy
 70943 | Tomb:1   | Noticed a greater mummy
 70949 | Tomb:1   | Killed a greater mummy
 72017 | Zot:1    | Entered Level 1 of the Realm of Zot
 72629 | Zot:1    | Noticed an orb of fire
 72949 | Zot:2    | Got a pair of polished boots
 72950 | Zot:2    | Identified the cursed +0 pair of boots of Keroh {MR- rCorr Stlth+} (You found it on level 2 of the Realm of Zot)
 72973 | Zot:2    | Noticed an orb of fire
 72975 | Zot:2    | Gained mutation: You are very weak. (Str -4) [an orb of fire]
 72993 | Zot:2    | Gained mutation: You are frail (-10% HP). [an orb of fire]
 72994 | Zot:2    | Killed an orb of fire
 72995 | Zot:2    | Lost mutation: You are very weak. (Str -4) [potion of cure mutation]
 72995 | Zot:2    | Lost mutation: You are clumsy. (Dex -2) [potion of cure mutation]
 72995 | Zot:2    | Lost mutation: You possess an exceptional clarity of mind. [potion of cure mutation]
 72995 | Zot:2    | Lost mutation: You are weak. (Str -2) [potion of cure mutation]
 73125 | Zot:2    | Received a gift from Pakellas
 73364 | Zot:1    | Gained mutation: Armour fits poorly on your strangely shaped body. [an orb of fire]
 73366 | Zot:1    | Gained mutation: You are occasionally teleported next to monsters. [an orb of fire]
 73376 | Zot:1    | Gained mutation: You expend magic power (3 MP) to strengthen your wands. [an orb of fire]
 73387 | Zot:1    | Killed an orb of fire
 73393 | Zot:1    | Lost mutation: You are frail (-10% HP). [potion of cure mutation]
 73393 | Zot:1    | Lost mutation: You expend magic power (3 MP) to strengthen your wands. [potion of cure mutation]
 73394 | Zot:1    | Lost mutation: Armour fits poorly on your strangely shaped body. [potion of cure mutation]
 73394 | Zot:1    | Lost mutation: You are occasionally teleported next to monsters. [potion of cure mutation]
 73394 | Zot:1    | Lost mutation: You are covered in fur (AC +1). [potion of cure mutation]
 73439 | Zot:1    | Gained mutation: You are frail (-10% HP). [mutagenic glow]
 75351 | Zot:5    | Entered Level 5 of the Realm of Zot
 75550 | Zot:5    | Got a topaz-encrusted chain mail
 75551 | Zot:5    | Identified the +9 chain mail of the Gardener {Str+4 SInv} (You acquired it on level 5 of the Realm of Zot)
 75995 | Zot:5    | Noticed an ancient lich
 76057 | Zot:5    | Noticed an ancient lich
 76069 | Zot:5    | Killed an ancient lich
 76083 | Zot:5    | Noticed an ancient lich
 76100 | Zot:5    | Killed an ancient lich
 76125 | Zot:5    | Noticed an orb of fire
 76133 | Zot:5    | Gained mutation: You tend to lose your temper in combat. [an orb of fire]
 76140 | Zot:5    | Gained mutation: You occasionally shout uncontrollably at your foes. [an orb of fire]
 76142 | Zot:5    | Noticed an orb of fire
 76147 | Zot:5    | Killed an orb of fire
 76147 | Zot:5    | Gained mutation: You expend magic power (3 MP) to strengthen your wands. [an orb of fire]
 76222 | Zot:5    | Lost mutation: You tend to lose your temper in combat. [potion of cure mutation]
 76222 | Zot:5    | Lost mutation: You occasionally shout uncontrollably at your foes. [potion of cure mutation]
 76222 | Zot:5    | Lost mutation: You are frail (-10% HP). [potion of cure mutation]
 76222 | Zot:5    | Lost mutation: You expend magic power (3 MP) to strengthen your wands. [potion of cure mutation]
 76292 | Zot:5    | Noticed an orb of fire
 76295 | Zot:5    | Noticed an orb of fire
 76305 | Zot:5    | Gained mutation: Your body sometimes deteriorates upon taking damage. [an orb of fire]
 76429 | Zot:5    | Killed an ancient lich
 77398 | Vaults:5 | Bought a bread ration for 60 gold pieces
 77398 | Vaults:5 | Bought a bread ration for 60 gold pieces
 77398 | Vaults:5 | Bought a bread ration for 60 gold pieces
 77398 | Vaults:5 | Bought a bread ration for 60 gold pieces
 77398 | Vaults:5 | Bought a meat ration for 60 gold pieces
 77398 | Vaults:5 | Bought a bread ration for 60 gold pieces
 77649 | Dis:1    | Entered Level 1 of the Iron City of Dis
 78535 | Dis:3    | Gained mutation: You are clumsy. (Dex -2) [a cacodemon]
 78829 | Dis:3    | Received a gift from Pakellas
 78997 | Dis:4    | Found a huge runed gate.
 78997 | Dis:4    | Found a huge runed gate.
 78997 | Dis:4    | Found a huge runed gate.
 78997 | Dis:4    | Found a huge runed gate.
 78997 | Dis:4    | Found a huge runed gate.
 78998 | Dis:4    | Found a huge runed gate.
 78998 | Dis:4    | Found a huge runed gate.
 78998 | Dis:4    | Found a huge runed gate.
 79012 | Dis:4    | Found a huge runed gate.
 79033 | Dis:4    | Found a huge runed gate.
 79352 | Dis:5    | Gained mutation: You are very clumsy. (Dex -4) [a cacodemon]
 79987 | Dis:7    | Entered Level 7 of the Iron City of Dis
 80337 | Dis:7    | Reached skill level 27 in Fighting
 80417 | Dis:7    | Reached skill level 15 in Axes
 81506 | Dis:7    | Gained mutation: You are dopey. (Int -2) [a cacodemon]
 81693 | Dis:7    | Got a smoking ivory ring
 81694 | Dis:7    | Identified the cursed ring of Tuog {*Contam rC+ MP+9 Int-4} (You found it on level 7 of the Iron City of Dis)
 82118 | Dis:7    | Received a gift from Pakellas
 82312 | Dis:7    | Noticed Dispater
 82455 | Dis:7    | Killed Dispater
 82486 | Dis:7    | Got an iron rune of Zot
 82804 | Orc:2    | Bought a meat ration for 70 gold pieces
 82804 | Orc:2    | Bought a royal jelly for 28 gold pieces
 82804 | Orc:2    | Bought a meat ration for 70 gold pieces
 82804 | Orc:2    | Bought a royal jelly for 28 gold pieces
 82804 | Orc:2    | Bought 3 fruits for 63 gold pieces
 82804 | Orc:2    | Bought a slice of pizza for 21 gold pieces
 82810 | Orc:2    | Bought a potion of magic for 112 gold pieces
 84283 | Pan      | Entered Pandemonium
 84320 | Pan      | Noticed Suathrea the pandemonium lord
 84359 | Pan      | Killed Suathrea the pandemonium lord
 84431 | Pan      | Found an exit through the horrors of the Abyss.
 84968 | Pan      | Lost mutation: You have very sharp teeth. [potion of cure mutation]
 84968 | Pan      | Lost mutation: You are very clumsy. (Dex -4) [potion of cure mutation]
 84968 | Pan      | Lost mutation: Your body sometimes deteriorates upon taking damage. [potion of cure mutation]
 84968 | Pan      | Lost mutation: You are dopey. (Int -2) [potion of cure mutation]
 85223 | Pan      | Gained mutation: Scrolls take you a little longer to read. [a cacodemon]
 85284 | Pan      | Noticed Puok the pandemonium lord
 85652 | Pan      | Found an exit through the horrors of the Abyss.
 85853 | Pan      | Killed Puok the pandemonium lord
 85924 | Pan      | Gained mutation: You are frail (-10% HP). [a neqoxec]
 85983 | Pan      | Lost mutation: Scrolls take you a little longer to read. [potion of cure mutation]
 85983 | Pan      | Lost mutation: You are frail (-10% HP). [potion of cure mutation]
 86056 | Pan      | Took an exit into the Abyss.
 86056 | Abyss:1  | Escaped into the Abyss
 86089 | Depths:2 | Escaped the Abyss
 86376 | Vaults:5 | Bought 4 fruits for 72 gold pieces
 86376 | Vaults:5 | Bought a beef jerky for 18 gold pieces
 86376 | Vaults:5 | Bought a slice of pizza for 18 gold pieces
 86634 | Zig:1    | Entered Level 1 of a ziggurat
 86641 | Zig:1    | HP: 7/298 [iron giant's throw (65)]
 86679 | Zig:2    | Entered Level 2 of a ziggurat
 86711 | Zig:3    | Entered Level 3 of a ziggurat
 86740 | Zig:4    | Entered Level 4 of a ziggurat
 86776 | Zig:5    | Entered Level 5 of a ziggurat
 86833 | Zig:5    | Got a pair of transparent boots
 86834 | Zig:5    | Identified the +0 pair of boots of Whack-A-Mole {rF++ Str-3 Dex+6} (You acquired it on level 5 of a ziggurat)
 86844 | Zig:5    | Got a transparent war axe
 86845 | Zig:5    | Identified the +10 war axe of Corruption {chop, rPois} (You found it on level 5 of a ziggurat)
 86853 | Zig:6    | Entered Level 6 of a ziggurat
 86929 | Zig:6    | Got an ichor-stained shield
 86930 | Zig:6    | Identified the +2 shield of Exclusion {rF++ MR++ Int+3} (You found it on level 6 of a ziggurat)
 86953 | Zig:7    | Entered Level 7 of a ziggurat
 86959 | Zig:7    | Identified a +5 rod of shadows (11/11) (You found it on level 4 of a ziggurat)
 87083 | Zig:8    | Entered Level 8 of a ziggurat
 87189 | Zig:9    | Entered Level 9 of a ziggurat
 87205 | Zig:9    | Paralysed by accursed screaming for 1 turns
 87445 | Orc:2    | Bought a potion of cure mutation for 490 gold pieces
 88120 | Zot:5    | Gained mutation: Your body often deteriorates upon taking damage. [an orb of fire]
 88142 | Zot:5    | Killed an orb of fire
 88178 | Zot:5    | Got the Orb of Zot
 88199 | Zot:5    | Gained mutation: Scrolls take you a little longer to read. [an orb of fire]
 88200 | Zot:5    | Gained mutation: Your body often deteriorates upon taking damage. [an orb of fire]
 88201 | Zot:5    | Gained mutation: Armour fits poorly on your strangely shaped body. [an orb of fire]
 88202 | Zot:5    | Gained mutation: Scrolls take you longer to read. [an orb of fire]
 88310 | Zot:2    | Lost mutation: Your body often deteriorates upon taking damage. [potion of cure mutation]
 88310 | Zot:2    | Lost mutation: Scrolls take you longer to read. [potion of cure mutation]
 88310 | Zot:2    | Lost mutation: You are clumsy. (Dex -2) [potion of cure mutation]
 88310 | Zot:2    | Lost mutation: Your body sometimes deteriorates upon taking damage. [potion of cure mutation]
 88310 | Zot:2    | Lost mutation: Scrolls take you a little longer to read. [potion of cure mutation]
 88570 | D:15     | Gained mutation: Your magical capacity is low (-10% MP). [a neqoxec]
 88899 | D:3      | Noticed a seraph
 88952 | D:3      | Noticed Ymyjeid the pandemonium lord
 88962 | D:3      | Killed Ymyjeid the pandemonium lord
 89099 | D:1      | Noticed Omiffaask the pandemonium lord
 89109 | D:$      | Escaped with the Orb!

Vault maps used:
D:1:      dpeg_arrival_snail
D:2:      bloody_trog, minitemple
D:3:      overflow_temple_1_default, cheibriados_altar_1
D:4:      serial_shops, nicolae_shop_waterfront
D:5:      first_bread, uniq_eustachio
D:6:      vehumet_crystals, kennysheep_okawaru_gauntlet, uniq_menkaure,
          uniq_crazy_yiuf_cottage
D:7:      nicolae_tso_besieged_by_evil, nicolae_ru_great_annihilating_truth,
          kennysheep_vampire_church, minmay_temple_entry_statues,
          gup_ossuary_entry_pyramid, grunt_livestock, st_stairs_4
D:8:      kennysheep_spiral_hall, serial_shops, nicolae_shop_trees,
          nemelex_spade_bored_becter
D:9:      david_lair_generic, kennysheep_cross_room, uniq_prince_ribbit1
D:10:     zombieorc2_lemuel, serial_ice, serial_ice_o, serial_ice_b,
          serial_ice_j, serial_ice_h, nicolae_trove_entry_free_sample
D:11:     minmay_stone_trees_small
D:12:     uniq_frances
D:13:     lightli_vaults_fourway_checkpoint, serial_shops, shop,
          interstate_on_off, minmay_misc_feat_cross, hangedman_incinerator,
          uniq_maurice, uniq_maud, uniq_erolcha
D:14:     portal_ice_cave_entry_horrid_things, minmay_holes, serial_bayou_pond_b
D:15:     hangedman_depths_entry_try_elsewhere_first,
          lemuel_mausoleum_altar_yredelemnul
Temple:   cyrus_temple_forest_13
Lair:1:   enter_volcano_2, grunt_megastairs_2, uniq_sonja
Lair:2:   lab_entry_generic, uniq_gastronok
Lair:3:   guppyfry_snake_entry_island, basic_altar, minivault_19
Lair:4:   grunt_megastairs_1, infiniplex_staircase_pool
Lair:5:   minmay_swamp_entry_worms, serial_bayou_shore_a,
          infiniplex_staircase_pool_2, grunt_megastairs_5, serial_bayou_shore_b,
          serial_bayou_shore_b, serial_bayou_shore_b
Lair:6:   minmay_lair_oklob_items, dpeg_slime_entry_enclosed_altar,
          lemuel_fruit_tree, uniq_snorg
Lair:8:   grunt_lair_end_beastmaster, st_stairs_5, minivault_23,
          serial_bayou_pond_b
Swamp:1:  nicolae_swamp_triple_paths, swamp_pool5, hangedman_swamp_cone,
          nicolae_swamp_little_tower
Swamp:2:  hangedman_swamp_lotus
Swamp:3:  hangedman_swamp_blocks
Swamp:4:  swamp_basic_johnstein, swamp_pool1, ldierk_geyser
Snake:1:  grunt_ministairs_1, st_stairs_14, guppyfry_library_mini,
          serial_bayou_shore_b, grunt_megastairs_3
Snake:2:  uniq_jorgrun
Snake:3:  basic_altar, uniq_roxanne, uniq_vashnia, uniq_aizul, uniq_azrael
Snake:4:  johnstein_snake_rune_scales, nicolae_snake_horde_hoard
Orc:1:    uniq_harold, uniq_urug, uniq_fannar
Orc:2:    pf_orc_diabolical
Elf:1:    lemuel_upstairs_altar, serial_shops, nicolae_shop_waterfront,
          basic_altar, minivault_28
Elf:2:    serial_shops, shop
Elf:3:    grunt_elf_hall_diamonds, serial_sigils, serial_sigils_hangedman_scar,
          serial_sigils_hangedman_writhe, small_chamber_with_monster
Vaults:1: ontoclasm_vaults_ring_small, ontoclasm_vaults_misaligned, v_misc_10,
          vaults_room_pool, vaults_room_fours,
          vaults_room_grunt_arrival_checkpoint, v_alt_pattern_1,
          vaults_room_door_hall, v_misc_19, vaults_mumra_hexcomb, serial_shops,
          nicolae_shop_stone, shop
Vaults:2: nicolae_vaults_border_crossing, v_rooms_2, grunt_tower_of_power,
          nicolae_vaults_theta, ontoclasm_vaults_ring_large,
          ontoclasm_vaults_gateway, minmay_crypt_entry_simple_plaza, v_misc_16,
          v_misc_30, grunt_vaults_swirl, serial_ice_m, hangedman_vaults_snaps,
          nicolae_vaults_little_squares_4, vaults_dpeg_encased_lava,
          serial_shops, shop
Vaults:3: v_misc_29, serial_ice_m, v_rooms_1, vaults_room_fours,
          nicolae_vaults_little_squares_2, vaults_room_door_ring,
          hangedman_vaults_stagger, v_misc_16, nicolae_vaults_asterisk,
          v_misc_27, serial_shops, nicolae_shop_overgrown_old_shop,
          uniq_frederick
Vaults:4: vaults_room_pool, vaults_room_hallway, v_misc_4,
          vaults_standard_mumra_lines, vaults_room_corners,
          nicolae_vaults_little_squares_1, vaults_room_door_ring,
          ontoclasm_vaults_fault, nicolae_vaults_three_branches,
          hangedman_vaults_nodes, special_room_vaults, uniq_mennas,
          uniq_margery, uniq_boris
Vaults:5: serial_shops
Crypt:1:  roderic_lattice_octagonal_star
Crypt:3:  quadcrypt_mu
Depths:1: hell_entry
Depths:2: kennysheep_gozag_temple, nicolae_wwwww, rand_demon_pan_entry_4,
          hangedman_coc_ice_floe, uniq_saint_roka
Depths:3: thingy_vault_2, grunt_pan_entry_spiral, infiniplex_staircase_star,
          hell_entry
Depths:4: nicolae_whirlpool, hellmouth_1, minivault_11, abyss_entry,
          hangedman_decor_riveting, lightli_corner_chamber,
          basic_stair_grate_trap, uniq_sojobo
Depths:5: grunt_zot_entry_bicorn, hangedman_abyss_entry_splay, hell_entry,
          lemuel_nasty_fountain, serial_bayou_shore_b, serial_bayou_shore_b
Dis:2:    hangedman_dis_decor_blocks_talon, hangedman_player_shredder
Dis:4:    nicolae_dis_lava_storage_tank, door_vault
Dis:6:    lemuel_dis_dragons
Dis:7:    dis_grunt_layers
Tar:1:    grunt_megastairs_4
Zot:1:    grunt_zot_stairs_mandelzot
Pan:      grunt_pan_in_and_out, evilmike_mini_pan_branches
Zig:9:    ziggurat_pillar_centre_oklobs
Trove:    trove_library
Ossuary:  ossuary_zaba_two_paths
IceCv:    ice_cave_small_giant
Volcano:  volcano_pools

Action                   |  1- 3 |  4- 6 |  7- 9 | 10-12 | 13-15 | 16-18 | 19-21 | 22-24 | 25-27 || total
-------------------------+-------+-------+-------+-------+-------+-------+-------+-------+-------++-------
Melee: Short sword       |    10 |       |       |       |       |       |       |       |       ||    10
       Club              |     9 |       |       |       |       |       |       |       |       ||     9
       Mace              |   116 |    19 |       |       |       |       |       |       |       ||   135
       Flail             |       |   177 |  1014 |   529 |       |       |       |       |       ||  1720
       Eveningstar       |       |       |       |   359 |  1538 |  1654 |   727 |   734 |  2901 ||  7913
       Broad axe         |       |       |       |       |       |    27 |  1239 |  1215 |  3429 ||  5910
       Rod               |       |       |       |       |       |       |     1 |       |       ||     1
       War axe           |       |       |       |       |       |       |       |       |   124 ||   124
Invok: Quick Charge      |       |       |       |    28 |    27 |    39 |    37 |    33 |   154 ||   318
       Supercharge       |       |       |       |       |     1 |       |       |       |       ||     1
       Device Surge      |       |       |       |       |       |       |       |       |     1 ||     1
 Abil: Device Recharging |       |       |     6 |       |       |       |     1 |       |     7 ||    14
       Evoke Flight      |       |       |       |       |       |       |     1 |       |       ||     1
Evoke: Wand              |    12 |     7 |    68 |    88 |    89 |   131 |   140 |   211 |   587 ||  1333
       Rod               |       |       |       |     4 |    27 |    87 |    90 |    74 |   375 ||   657
       Stone of tremors  |       |       |       |       |       |       |     3 |     2 |     4 ||     9
       Sack of spiders   |       |       |       |       |       |       |     1 |     2 |    11 ||    14
       Deck              |       |       |       |       |       |       |     1 |       |     2 ||     3
       Box of beasts     |       |       |       |       |       |       |       |       |     8 ||     8
       Fan of gales      |       |       |       |       |       |       |       |       |     7 ||     7
       Disc of storms    |       |       |       |       |       |       |       |       |     1 ||     1
       Phantom mirror    |       |       |       |       |       |       |       |       |     1 ||     1
  Use: Scroll            |     1 |     6 |    11 |    14 |     8 |     9 |    38 |    10 |    59 ||   156
       Potion            |       |     2 |    10 |    10 |       |     2 |     3 |    10 |    61 ||    98
 Stab: Sleeping          |     5 |     2 |    29 |     6 |     9 |     2 |     1 |       |       ||    54
       Invisible         |       |       |     1 |       |       |       |       |       |    52 ||    53
       Distracted        |       |       |       |     3 |     3 |     2 |     6 |     5 |     9 ||    28
       Held in net/web   |       |       |       |       |       |       |     1 |     3 |       ||     4
       Confused          |       |       |       |       |       |       |       |     1 |     3 ||     4
       Paralysed         |       |       |       |       |       |       |       |     1 |       ||     1
  Eat: Chunk             |     2 |     5 |     8 |    12 |    28 |    11 |    23 |    21 |    22 ||   132
       Pizza             |       |     1 |       |     2 |       |     1 |     2 |       |     6 ||    12
       Beef jerky        |       |       |     1 |     1 |     2 |     3 |       |     3 |     3 ||    13
       Meat ration       |       |       |     1 |     1 |     2 |     2 |     6 |     5 |     8 ||    25
       Royal jelly       |       |       |     1 |       |     1 |       |     1 |     1 |     4 ||     8
       Bread ration      |       |       |     1 |     3 |       |     8 |     1 |       |    31 ||    44
       Fruit             |       |       |       |       |       |       |     7 |     3 |    15 ||    25
